 Dungeon Crawl Stone Soup version 0.20-a0-441-g89e74e4 (webtiles) character file.

26 AlphabetPasta the Skirmisher (level 3, 0/30 HPs)
             Began as a Ghoul Skald on Jan 6, 2017.
             Slain by a rat (2 damage)
             ... on level 1 of the Dungeon.
             The game lasted 00:02:48 (428 turns).

AlphabetPasta the Skirmisher (Ghoul Skald)           Turns: 428, Time: 00:02:48

Health: 0/30       AC:  1    Str: 15    XL:     3   Next: 8%
Magic:  4/4        EV: 11    Int:  8    God:
Gold:   81         SH:  0    Dex:  8    Spells: 4/5 levels left

rFire  . . .     SeeInvis .     a - +0 hand axe
rCold  + . .     Gourm    .     b - +0 leather armour
rNeg   + + +     Faith    .     (no shield)
rPois  ∞         Spirit   .     (no helmet)
rElec  .         Reflect  .     (no cloak)
rCorr  +         Harm     .     (no gloves)
MR     .....                    (no boots)
Stlth  +.........               (no amulet)
                                l - -2 ring of protection (curse)
                                j - ring of resist corrosion

@: rotting
A: rotting body, claws 1, carnivore 3, cold resistance 1, negative energy
resistance 3, slow regeneration 1, torment resistance, unbreathing
a: no special abilities


You were on level 1 of the Dungeon.
You were not hungry.

You visited 1 branch of the dungeon, and saw 1 of its levels.

You collected 81 gold pieces.

Inventory:

Hand Weapons
 a - a +0 hand axe (weapon)
Armour
 b - a +0 leather armour (worn)
Jewellery
 j - a ring of resist corrosion (left claw)
 l - a cursed -2 ring of protection (right claw)
Scrolls
 e - a scroll of identify {unknown}
 f - 2 scrolls of immolation {unknown}
 g - a scroll of fear {unknown}
 i - a scroll of remove curse {unknown}
 m - a scroll of random uselessness {unknown}
Books
 c - a book of Battle

   Spells                             Type                      Level
   a - Infusion                       Charms                       1
   b - Shroud of Golubria             Charms/Translocation         2
   c - Song of Slaying                Charms                       2
   d - Spectral Weapon                Hexes/Charms                 3
   e - Regeneration                   Charms/Necromancy            3
Comestibles
 d - a meat ration
 k - 2 beef jerkies


   Skills:
 + Level 2.8 Fighting
 * Level 2.0 Axes
 + Level 1.1 Armour
 + Level 2.0 Dodging
 + Level 1.9 Spellcasting
 + Level 2.8 Charms


You had 4 spell levels left.
You knew the following spells:

 Your Spells              Type           Power        Failure   Level  Hunger
a - Infusion              Chrm           #...         17%         1    ##.....


Dungeon Overview and Level Annotations

Branches:
Dungeon (1/15)

Altars:


Innate Abilities, Weirdness & Mutations

Your body is rotting away.
You thrive on raw meat.
You are immune to poison.
You have sharp fingernails.
You are carnivorous and can eat meat at any time.
Your flesh is cold resistant. (rC+)
You are immune to negative energy. (rN+++)
You regenerate slowly when monsters are visible.
You are immune to unholy pain and torment.
You can survive without breathing.


Message History

You hit the rat.
You kill the rat!
The kobold closely misses you.
You closely miss the kobold.
The kobold is moderately wounded.
The kobold hits you.
* * * LOW HITPOINT WARNING * * *
You hit the kobold but do no damage.
The kobold is moderately wounded.
The kobold hits you.
* * * LOW HITPOINT WARNING * * *
You hit the kobold but do no damage.
The kobold is moderately wounded.
The kobold hits you but does no damage.
You hit the kobold.
You kill the kobold!
The rat bites you.
* * * LOW HITPOINT WARNING * * *
You barely miss the rat. The rat bites you.
You die...

#.### ###...# .....
#.... #...# #.###...#
....%..(## ...##..Kr##
..##.#.#@#
.......#.#######
.....#.......... #+#
..####...########.##.##
# ##.>.........#..(# ##
####.......##((.###.
#.#######.((.(#.. #.#
#.((((#.. #.# #((8(('.<


You could see a kobold and a rat.

Vanquished Creatures
  An adder (D:1)
  A leopard gecko (D:1)
  A bat (D:1)
  A giant cockroach (D:1)
  3 goblins (D:1)
  2 hobgoblins (D:1)
  3 jackals (D:1)
  2 kobolds (D:1)
  A rat (D:1)
15 creatures vanquished.

Notes
Turn   | Place    | Note
-------+----------+-------------------------------------------
     0 | D:1      | AlphabetPasta the Ghoul Skald began the quest for the Orb.
     0 | D:1      | Reached XP level 1. HP: 17/17 MP: 2/2
   100 | D:1      | Reached skill level 1 in Armour
   117 | D:1      | Reached XP level 2. HP: 22/25 MP: 3/3
   186 | D:1      | Reached XP level 3. HP: 12/30 MP: 4/4
   428 | D:1      | Slain by a rat

Vault maps used:
D:1:      minmay_arrival_shattered_statue, minmay_pentomino_s2

Skill      XL: |  1  2 |
---------------+-------+-----
Armour         | 1 |  1.1
Dodging        | 2 |  2.0
Axes           | 2 |  2.0
Fighting       | |  2.8
Spellcasting   | |  1.9
Charms         | |  2.8

Action                   || total
-------------------------++-------
Melee: Hand axe          ||    72
 Cast: Infusion          ||     1
  Eat: Chunk             ||    15
Armor: Leather armour    ||    15
Dodge: Dodged            ||    58
